 Dungeon Crawl Stone Soup version 0.28-a0-1510-gd0f6b136d3 (webtiles) character file.

Game seed: 9190610961828600240

30 avis the Grave Robber (level 3, -3/28 HPs)
             Began as a Deep Dwarf Necromancer on Jan 15, 2022.
             Killed from afar by Sigmund (7 damage)
             ... with a puff of flame
             ... on level 2 of the Dungeon on Jan 16, 2022.
             The game lasted 00:07:05 (1321 turns).

avis the Grave Robber (Deep Dwarf Necromancer)      Turns: 1321, Time: 00:07:06

Health: -3/28      AC:  3    Str: 11    XL:     3   Next: 5%
Magic:  1/6        EV: 12    Int: 17    God:
Gold:   32         SH:  0    Dex: 13    Spells: 2/6 levels left

rFire   . . .      SeeInvis .   (no weapon)
rCold   . . .      Faith    .   (no shield)
rNeg    . . .      Spirit   .   g - +0 leather armour
rPois   .          Reflect  .   (no helmet)
rElec   .          Harm     .   (no cloak)
rCorr   .          Rampage  .   (no gloves)
Will    .....                   (no boots)
Stlth   +.........              (no amulet)
HPRegen 0.00/turn               f - ring of flight
MPRegen 0.10/turn               (no ring)

@: confused, flying
A: damage resistance, heal wounds, sense surroundings 1, no regeneration
a: Heal Wounds


You were on level 2 of the Dungeon.
You visited 1 branch of the dungeon, and saw 2 of its levels.

You collected 32 gold pieces.

Inventory:

Missiles
 b - 45 stones
 e - 54 bolts
Armour
 a - a +0 robe
 g - a +0 leather armour (worn)
Jewellery
 f - a ring of flight (left hand)
Scrolls
 c - 2 scrolls of blinking {unknown}
Potions
 d - 2 potions of invisibility {unknown}


   Skills:
 * Level 2.6 Dodging
 - Level 3.0 Stealth
 - Level 2.0 Spellcasting
 - Level 5.0 Necromancy


You had 2 spell levels left.
You knew the following spells:

 Your Spells              Type           Power      Damage    Failure   Level
a - Pain                  Necr           72%        1d7       3%          1
d - Vampiric Draining     Necr           18%        2d7       10%         3

Your spell library contained the following spells:

 Spells                   Type           Power      Damage    Failure   Level
 Animate Skeleton         Necr           36%        N/A       3%          1
 Animate Dead             Necr           9%         N/A       32%         4
 Agony                    Necr           18%        N/A       65%         5


Dungeon Overview and Level Annotations

Branches:
Dungeon (2/15)

Altars:

Shops:
D:2 [

Annotations:
D:2 Sigmund


Innate Abilities, Weirdness & Mutations

You are resistant to damage.
You can heal yourself by infusing magical energy.
You passively map a small area around you.
You do not regenerate.


Message History

You draw life force from Sigmund!
You feel life coursing into your body.
You completely miss Sigmund.
Sigmund is severely wounded.
Sigmund closely misses you.
You hit Sigmund but do no damage.
Sigmund is severely wounded.
Sigmund barely misses you.
You hit Sigmund but do no damage.
Sigmund is severely wounded.
You hit Sigmund but do no damage.
Sigmund is severely wounded.
Sigmund zaps a wand.
The puff of flame hits you!
* * * LOW HITPOINT WARNING * * *
You feel much better. Sigmund misses you.
You hit Sigmund but do no damage.
Sigmund is severely wounded.
Sigmund screams, "Don't try to resist!"
Sigmund hits you with a +0 scythe!
You closely miss Sigmund.
Sigmund is severely wounded.
You closely miss Sigmund.
Sigmund is severely wounded.
Sigmund points at you and mumbles some strange words.
The puff of flame hits you.
You closely miss Sigmund.
Sigmund is severely wounded.
Sigmund points at you and mumbles some strange words.
You are confused.
You barely miss Sigmund.
Sigmund is severely wounded.
Sigmund hits you with a +0 scythe!
You're too confused to cast spells.
Okay, then.
You hit Sigmund but do no damage.
Sigmund is severely wounded.
Sigmund gestures at you while chanting. The magic dart hits you!
* * * LOW HITPOINT WARNING * * *
You bump into the rock wall.
Sigmund zaps a wand.
The puff of flame hits you!
You die...

* .. ## , , #.
.#*(). , ,, #.
.##.# * , #. .#..#
* ,* #. ##...# ,*
* , * #.##... ## ,
,
##.###..#.#**,,.##
*
..........#####..#
.......#...@@<.# *
* *
.....8##.......#,
,,
#..##<##.......# *
*,## 8.∩.8.......#
* ##.##.......# ,
#8##.......# ** ,
* #.....)....# * ,
#...#.......# * *
#.###.......#


You could see Sigmund.

Vanquished Creatures
  A dart slug (D:1)
  2 ball pythons (D:1)
  3 bats (D:1)
  2 endoplasms (D:1)
  3 goblins (D:1)
  A hobgoblin (D:1)
  3 jackals (D:1)
  4 kobolds
  5 frilled lizards (D:1)
  3 rats
27 creatures vanquished.

Notes
Turn   | Place    | Note
-------+----------+-------------------------------------------
     0 | D:1      | avis the Deep Dwarf Necromancer began the quest for the
                  | Orb.
     0 | D:1      | Reached XP level 1. HP: 15/15 MP: 3/3
   262 | D:1      | Reached XP level 2. HP: 22/22 MP: 0/4
   395 | D:1      | Reached skill level 5 in Necromancy
   990 | D:1      | Reached XP level 3. HP: 22/28 MP: 1/6
  1040 | D:1      | Learned a level 3 spell: Vampiric Draining
  1277 | D:2      | Found Ygrag's Armour Shoppe.
  1287 | D:2      | Noticed Sigmund
  1321 | D:2      | Killed from afar by Sigmund

Illustrated notes

Levels and vault maps discovered:
D:1:      eino_arrival_cavern_a, layout_loops_ring
D:2:      layout_rooms, serial_shops, nicolae_shop_statue_plus,
          roderic_serpentine_path, uniq_natasha, uniq_sigmund

Skill      XL: |  1  2 |
---------------+-------+-----
Necromancy     | 5 |  5.0
Spellcasting   | 2 |  2.0
Stealth        | 3 |  3.0
Dodging        | |  2.6

Action                   || total
-------------------------++-------
Melee: Unarmed           ||    10
 Cast: Pain              ||    45
       Vampiric Draining ||     3
 Abil: Heal Wounds       ||     1
Armor: Leather armour    ||     1
Dodge: Dodged            ||    12

Table legend: (Time is in decaauts)
 A = Elapsed time spent in this place.
 B = Non-inter-level travel time spent in this place.
 C = Inter-level travel time spent in this place.
 D = Time resting spent in this place.
 E = Time spent auto-exploring this place.
 F = Levels seen in this place.
 G = Mean time per level.
                   A        B        C        D        E       F      G
               +--------+--------+--------+--------+--------+-----+--------+
         Total |   1321 |   1306 |     15 |    454 |    579 |   2 |  660.5 |
       Dungeon |   1321 |   1306 |     15 |    454 |    579 |   2 |  660.5 |
               +--------+--------+--------+--------+--------+-----+--------+

Top non-repeatable levels by time:
     D:1: 1278 daAuts
     D:2: 43 daAuts
